 Dungeon Crawl Stone Soup version 0.29-a0-330-g52719c12eb (webtiles) character file.

Game seed: 4106551303742137992

47406 zishaf the Fighter (level 14, -23/127 HPs)
             Began as a Palentonga Abyssal Knight on Apr 12, 2022.
             Was a High Priest of Lugonu.
             Annihilated by a reaper
             ... wielding a +0 scythe of freezing
              (39 damage)
             ... in an ice cave on Apr 13, 2022.
             The game lasted 00:49:08 (23457 turns).

zishaf the Fighter (Palentonga Abyssal Knight)     Turns: 23457, Time: 00:49:08

Health: -23/127    AC: 23    Str: 23    XL:     14   Next: 8%
Magic:  22/22      EV:  7    Int: 14    God:    Lugonu [*****.]
Gold:   1573       SH: 12    Dex: 16    Spells: 13/13 levels left

rFire   + . .      SeeInvis +   U - +8 broad axe "Wiulyec" {vorpal, Fragile rF++ Stlth+}
rCold   . . .      Faith    .   t - +1 kite shield
rNeg    . . .      Spirit   .   o - +1 scale mail {Will+}
rPois   +          Reflect  .   m - +2 helmet
rElec   +          Harm     .   I - +0 cloak
rCorr   .          Rampage  .   J - +1 pair of gloves {hurl}
Will    +++..                   (no barding)
Stlth   +.........              z - amulet of regeneration
HPRegen 1.11/turn               H - +6 ring of dexterity
MPRegen 0.18/turn               w - ring "Ciesm" {rElec rPois rF- Will+ Int+4}

@: hasted, curled up, very quick
A: large, rugged brown scales 3, see invisible, deformed body, roll 1, armoured
tail, reflexive curl
a: Rolling Charge, Renounce Religion, Depart the Abyss, Bend Space, Banish,
Corrupt, Enter the Abyss


You were in an ice cave.
You worshipped Lugonu.
Lugonu was extremely pleased with you.
You visited 2 branches of the dungeon, and saw 17 of its levels.
You visited the Abyss 1 time.
You also visited: Gauntlet and Ice Cave.

You collected 1573 gold pieces.

Inventory:

Hand Weapons
 a - a +1 hand axe
 E - a +1 war axe
 T - the +7 flail of Chance {protect, +Blink Str+3 Dex-2}
   (You found it on level 1 of the Lair of Beasts)

   It grants its wielder temporary protection when it strikes (+7 to AC).
   Str:       It affects your strength (+3).
   Dex:       It affects your dexterity (-2).
   +Blink:    It lets you blink.
 U - the +8 broad axe "Wiulyec" (weapon) {vorpal, Fragile rF++ Stlth+}
   (You found it in a Gauntlet)

   It inflicts extra damage upon your enemies.
   rF:        It greatly protects you from fire.
   Fragile:   It will be destroyed if unequipped.
   Stlth:     It makes you more stealthy.
Armour
 b - a +0 leather armour
 c - a +0 chain mail
 m - a +2 helmet (worn)
 o - a +1 scale mail of willpower (worn)
 t - a +1 kite shield (worn)
 I - a +0 cloak (worn)
 J - a +1 pair of gloves of hurling (worn)
 L - +0 acid dragon scales
Jewellery
 k - a ring of resist corrosion
 r - an amulet of the acrobat
 w - the ring "Ciesm" (right hand) {rElec rPois rF- Will+ Int+4}
   (You found it on level 5 of the Dungeon)

   [ring of willpower]

   Int:       It affects your intelligence (+4).
   rF:        It makes you vulnerable to fire.
   rElec:     It insulates you from electricity.
   rPois:     It protects you from poison.
   Will:      It increases your willpower.
 x - a ring of wizardry
 z - an amulet of regeneration (around neck)
 H - a +6 ring of dexterity (left hand)
 M - an amulet of faith
 N - a ring of willpower
 Q - a ring of positive energy
 V - the ring "Ijaighox" {*Corrode rF+ Will+ EV+4 Str+6}
   (You found it in a Gauntlet)

   [ring of evasion]

   EV:        It affects your evasion (+4).
   Str:       It affects your strength (+6).
   rF:        It protects you from fire.
   *Corrode:  It may corrode you when you take damage.
   Will:      It increases your willpower.
Wands
 y - a wand of digging (12)
 A - a wand of acid (2)
 D - a wand of paralysis (6)
 F - a wand of flame (23)
 G - a wand of polymorph (9)
 O - a wand of iceblast (7)
 S - a wand of charming (7)
Scrolls
 e - 3 scrolls of immolation
 f - 4 scrolls of magic mapping
 i - 4 scrolls of blinking
 l - 12 scrolls of teleportation
 p - 2 scrolls of torment
 C - 3 scrolls of enchant armour
 K - 2 scrolls of amnesia
 P - 5 scrolls of identify
 W - a scroll of fear
Potions
 d - 6 potions of curing
 g - 6 potions of attraction
 h - 2 potions of brilliance
 n - 2 potions of resistance
 q - 4 potions of magic
 s - a potion of flight
 u - 2 potions of haste
 v - a potion of invisibility
 B - 5 potions of lignification
 R - a potion of mutation
Miscellaneous
 j - a box of beasts (inert)


   Skills:
 + Level 13.6 Fighting
 + Level 13.3 Axes
 + Level 8.0 Armour
 - Level 2.0 Dodging
 - Level 8.0 Shields
 - Level 11.0 Invocations


You had 13 spell levels left.
You didn't know any spells.
Your spell library contained the following spells:

 Spells                   Type           Power      Damage    Failure   Level
 Animate Skeleton         Necr           0%         N/A       78%         1
 Apportation              Tloc           0%         N/A       78%         1
 Magic Dart               Conj           0%         1d3       78%         1
 Summon Small Mammal      Summ           0%         N/A       78%         1
 Call Imp                 Summ           0%         N/A       89%         2
 Corpse Rot               Necr/Air       0%         N/A       89%         2
 Searing Ray              Conj           0%         2d4       89%         2
 Frozen Ramparts          Ice            0%         1d2       98%         3
 Mephitic Cloud           Conj/Pois/Air  0%         N/A       98%         3
 Airstrike                Air            0%         N/A       100%        4
 Animate Dead             Necr           0%         N/A       100%        4
 Dispel Undead            Necr           0%         3d6       100%        4
 Fulminant Prism          Conj/Hex       0%         3d6       100%        4
 Ice Form                 Ice/Tmut       0%         N/A       100%        4
 Olgreb's Toxic Radiance  Pois           0%         N/A       100%        4
 Summon Ice Beast         Ice/Summ       0%         N/A       100%        4
 Summon Lightning Spire   Summ/Air       0%         N/A       100%        4
 Borgnjor's Vile Clutch   Necr/Erth      0%         N/A       100%        5
 Fireball                 Conj/Fire      0%         3d3       100%        5
 Lightning Bolt           Conj/Air       0%         1d11      100%        5
 Summon Forest            Summ/Tloc      0%         N/A       100%        5
 Summon Mana Viper        Hex/Summ       0%         N/A       100%        5
 Death Channel            Necr           0%         N/A       100%        6
 Starburst                Conj/Fire      0%         6d3       100%        6
 Summon Cactus Giant      Summ           0%         N/A       100%        6
 Ozocubu's Refrigeration  Ice            0%         4d5       100%        7
 Ignition                 Fire           0%         3d3       100%        8


Dungeon Overview and Level Annotations

Branches:
Dungeon (12/15)            Temple (0/1) D:4            Lair (5/6) D:11
  Swamp (0/4) Lair:4       Spider (0/4) Lair:3        Slime (0/5) Lair:5
    Orc (0/2) D:12          IceCv (1/1)             Gauntlet (visited)

Altars:
Ashenzari
Fedhas
Gozag
Hepliaklqana
Kikubaaqudgha
Makhleb
Nemelex Xobeh
Okawaru
Sif Muna
Trog
Wu Jian
Yredelemnul
The Shining One
Jiyva

Shops:
D:2 (

Annotations:
D:9 2 transporters, rabbitsville's ghost, novice HOMo
D:11 1 runed translucent door, Slifar's ghost, novice DrMo
Lair:1 1 runed translucent door, Gainor's ghost, novice HuMo
Abyss:1 Maggie, Terence


Innate Abilities, Weirdness & Mutations

You are completely covered in rugged brown scales. (AC +3, +7% HP)
You have supernaturally acute eyesight. (SInv)
Armour fits poorly on your strangely shaped body.
You can roll at nearby foes to attack.
You have a long armoured tail.
You curl defensively after being hit. (AC +7*)


Message History

The reaper hits you with a +0 scythe of freezing.
* * * LOW HITPOINT WARNING * * *
The reaper freezes you.
* * * LOW HITPOINT WARNING * * *
Okay, then.
Press: ? - help, Shift-Dir - straight line, f/p - reaper
Aim: a reaper, wielding a +0 scythe of freezing (heavily wounded, chance to affect: 24%)
Okay, then.
You barely miss the reaper.
The reaper is heavily wounded.
You hit the reaper but do no damage.
The reaper is heavily wounded.
You block the reaper's attack.
You barely miss the reaper.
Your tail-slap misses the reaper.
The reaper is heavily wounded.
The reaper closely misses you.
You slash the reaper!
You tail-slap the reaper, but do no damage.
The reaper is heavily wounded.
You closely miss the reaper. You tail-slap the reaper.
The reaper is heavily wounded.
The reaper hits you but does no damage.
You hit the reaper but do no damage.
The reaper is heavily wounded.
You hit the reaper.
You tail-slap the reaper, but do no damage.
The reaper is severely wounded.
The reaper hits you with a +0 scythe of freezing!
* * * LOW HITPOINT WARNING * * *
The reaper freezes you.
* * * LOW HITPOINT WARNING * * *
You hit the reaper.
You tail-slap the reaper, but do no damage.
The reaper is severely wounded.
You block the reaper's attack.
You hit the reaper but do no damage.
You tail-slap the reaper, but do no damage.
The reaper is severely wounded.
The reaper hits you with a +0 scythe of freezing!!!
You die...

##......#
#.#.#[#.#
##.#####.# #.##
##.# ##.####..#
##.##..##
##.##.##
#.##..# ...Z#
##@##.## .....
#2###..## ....#
##Z.###..##
.... #.###
#...# #2Z#
#.#.###...#
#..##....###..#
#....#≈##≈#..#
##.##≈≈#≈≈##.#
###≈≈≈≈≈≈##.#


You could see a reaper and a cane toad simulacrum.

Vanquished Creatures
  A minotaur (Gauntlet)
  Josephine (Lair:4)
  A boulder beetle (D:12)
  3 death yaks
  An alligator (Lair:4)
  A fire crab (Gauntlet)
  A sixfirhy (Gauntlet)
  4 skeletal warriors (D:12)
  A lindwurm (Lair:4)
  The ghost of Drazool the Caller, a novice OpSu of Hepliaklqana (D:7)
  The ghost of Cecur the Slasher, a novice DsGl of Ru (D:7)
  An ugly thing (D:12)
  A manticore (D:11)
  4 cyclopes (D:12)
  2 elephants (Lair:4)
  An eye of devastation (Gauntlet)
  A torpor snail (Lair:4)
  5 black mambas
  7 cane toads
  2 unseen horrors
  A rime drake (Lair:4)
  A kobold demonologist (D:12)
  7 komodo dragons
  2 trolls (D:10)
  2 polar bears (Lair:4)
  Grinder (D:6)
  4 blink frogs (Lair:4)
  5 wraiths (Lair:4)
  A shadow (D:11)
  Eustachio (D:5)
  3 wyverns
  2 basilisks
  6 fire bats (Gauntlet)
  28 yaks
  4 dire elephant simulacra (IceCv)
  A golden eye (Gauntlet)
  3 redbacks (Lair:3)
  3 death yak simulacra
  A steam dragon (D:5)
  5 vampire mosquitoes
  Menkaure (D:4)
  A warg (D:12)
  2 acid dragons
  A floating eye (Gauntlet)
  3 hell hounds (Gauntlet)
  16 water moccasins
  A sky beast (D:8)
  5 black bears
  7 orc warriors
  2 centaurs
  9 wolves
  An ogre (D:5)
  2 kobold brigands
  2 phantoms (D:7)
  14 bullfrogs
  A gnoll sergeant (D:7)
  3 two-headed ogre simulacra (IceCv)
  A necrophage (D:5)
  6 scorpions
  3 cane toad simulacra (Lair:5)
  5 wights (D:8)
  10 killer bees
  An elephant simulacrum (Lair:5)
  6 electric eels
  3 howler monkeys (D:8)
  2 jellies (D:6)
  3 orc priests
  Crazy Yiuf (D:7)
  2 hounds
  4 gnoll shamans
  Jessica (D:2)
  4 iguanas
  14 orc wizards
  5 troll simulacra (IceCv)
  A hell rat (Lair:4)
  A polar bear simulacrum (IceCv)
  4 spriggan simulacra (IceCv)
  4 wolf simulacra
  31 gnolls
  8 adders
  5 naga simulacra (IceCv)
  3 shadow imps
  3 white imps
  8 ufetubi
  2 dart slugs (D:2)
  2 worms (D:2)
  35 orcs
  10 ball pythons
  10 endoplasms
  5 giant cockroaches
  10 goblins
  7 hobgoblins
  3 quokkas
  6 bats
  8 frilled lizards
  16 kobolds
  21 rats
466 creatures vanquished.

Vanquished Creatures (collateral kills)
  A cane toad (Lair:3)
  3 wolves (Lair:3)
4 creatures vanquished.

Vanquished Creatures (others)
  An unseen horror (D:5)
  5 demonic plants (Gauntlet)
  10 fungi
  18 plants
  8 withered plants
42 creatures vanquished.

Grand Total: 512 creatures vanquished

Notes
Turn   | Place    | Note
-------+----------+-------------------------------------------
     0 | Abyss:1  | zishaf the Palentonga Abyssal Knight began the quest for
                  | the Orb.
     0 | Abyss:1  | Reached XP level 1. HP: 19/19 MP: 2/2
    34 | D:1      | Escaped the Abyss
   199 | D:1      | Reached XP level 2. HP: 25/25 MP: 3/3
   244 | D:1      | Found a faded altar of an unknown god.
   564 | D:1      | Reached *** piety under Lugonu
   569 | D:1      | Reached XP level 3. HP: 31/31 MP: 5/5
   927 | D:2      | Noticed Jessica
   937 | D:2      | Killed Jessica
   940 | D:2      | Reached XP level 4. HP: 22/39 MP: 6/6
  1412 | D:2      | Noticed Terence
  1418 | D:2      | Banished Terence
  1703 | D:2      | Found Giqaydisch's Antique Weapon Shoppe.
  2151 | D:3      | Found a hazy altar of Hepliaklqana.
  2218 | D:3      | Reached XP level 5. HP: 43/44 MP: 7/7
  2219 | D:3      | Noticed a black bear
  2225 | D:3      | Banished a black bear
  2666 | D:3      | Reached XP level 6. HP: 49/52 MP: 9/9
  2670 | D:3      | Reached **** piety under Lugonu
  3696 | D:4      | Noticed Menkaure
  4054 | D:3      | Reached skill level 1 in Shields
  4368 | D:4      | Reached skill level 5 in Fighting
  4482 | D:4      | Killed Menkaure
  4483 | D:4      | Reached skill level 5 in Invocations
  4483 | D:4      | Gained mutation: You curl defensively after being hit. (AC
                  | +7*) [Palentonga growth]
  4483 | D:4      | Reached XP level 7. HP: 23/59 MP: 10/10
  4762 | D:4      | Found a staircase to the Ecumenical Temple.
  4837 | D:4      | Found a basalt altar of Yredelemnul.
  4837 | D:4      | Found a glowing golden altar of the Shining One.
  4840 | D:4      | Noticed an angel
  4902 | D:4      | Noticed a profane servitor
  5234 | D:5      | Entered Level 5 of the Dungeon
  5453 | D:5      | Reached skill level 5 in Axes
  5769 | D:5      | Found a broken altar of Ashenzari.
  5890 | D:5      | Noticed Eustachio
  5904 | D:5      | Killed Eustachio
  5905 | D:5      | Reached XP level 8. HP: 18/68 MP: 12/12
  6206 | D:5      | Found a large runed translucent door.
  6206 | D:5      | Found a large runed translucent door.
  6211 | D:5      | Noticed a two-headed ogre
  6217 | D:5      | Banished a two-headed ogre
  6283 | D:5      | Noticed an unseen horror
  6419 | D:5      | Found a large runed translucent door.
  6419 | D:5      | Found a large runed translucent door.
  6441 | D:5      | Found an ancient bone altar of Kikubaaqudgha.
  6441 | D:5      | Found a blossoming altar of Fedhas.
  6513 | D:5      | Reached XP level 9. HP: 73/75 MP: 14/14
  6547 | D:5      | Noticed a two-headed ogre
  6548 | D:5      | Banished a two-headed ogre
  6807 | D:5      | Found a shimmering blue altar of Sif Muna.
  7012 | D:6      | Noticed Grinder
  7031 | D:6      | Killed Grinder
  7894 | D:6      | Noticed Maggie
  8101 | D:6      | Banished Maggie
  8111 | D:6      | Reached skill level 5 in Shields
  8702 | D:6      | Found a burning altar of Makhleb.
  8764 | D:7      | Found a sparkling altar of Nemelex Xobeh.
  8960 | D:7      | Reached XP level 10. HP: 70/85 MP: 16/16
  9500 | D:7      | Found a runed translucent door.
  9501 | D:7      | Noticed Crazy Yiuf
  9604 | D:7      | Found a runed translucent gate.
  9604 | D:7      | Found a runed translucent gate.
  9604 | D:7      | Found a runed translucent gate.
  9604 | D:7      | Noticed Drazool's ghost (novice OpSu)
  9605 | D:7      | Noticed Cecur's ghost (novice DsGl)
  9650 | D:7      | Found an opulent altar of Gozag.
 10816 | D:8      | Reached ***** piety under Lugonu
 11621 | D:7      | Killed Crazy Yiuf
 11939 | D:5      | Identified the ring "Ciesm" {rElec rPois rF- Will+ Int+4}
 12425 | D:9      | Found a bloodstained altar of Trog.
 12428 | D:9      | Found an ornate altar of the Wu Jian Council.
 12552 | D:9      | Noticed rabbitsville's ghost (novice HOMo)
 12569 | D:9      | Found a bloodstained altar of Trog.
 12570 | D:9      | Noticed a two-headed ogre
 12570 | D:9      | Noticed a moth of wrath
 12570 | D:9      | Noticed a two-headed ogre
 12576 | D:9      | Found a transporter.
 12723 | D:9      | Reached XP level 11. HP: 76/95 MP: 18/18
 12970 | D:9      | Noticed a deep troll
 12983 | D:9      | Found a transporter.
 13020 | D:10     | Entered Level 10 of the Dungeon
 13304 | D:10     | Reached skill level 10 in Invocations
 14108 | D:10     | Noticed a brown ugly thing
 14173 | D:10     | Banished a brown ugly thing
 14255 | D:10     | Noticed an orc knight
 14267 | D:10     | Banished an orc knight
 14309 | D:10     | Found an iron altar of Okawaru.
 14440 | D:11     | Noticed a death yak
 14452 | D:11     | Banished a death yak
 14453 | D:11     | Reached skill level 10 in Fighting
 14529 | D:11     | Noticed a death yak
 14529 | D:11     | Noticed a death yak
 14566 | D:10     | Killed a death yak
 14746 | D:11     | Found a runed translucent door.
 14751 | D:11     | Noticed Slifar's ghost (novice DrMo)
 14810 | D:11     | Killed a death yak
 14811 | D:11     | Reached skill level 10 in Axes
 15050 | D:11     | Found a staircase to the Lair.
 15963 | D:7      | Killed Drazool's ghost
 15964 | D:7      | Reached XP level 12. HP: 89/104 MP: 20/20
 15974 | D:7      | Killed Cecur's ghost
 16225 | D:12     | Noticed a boulder beetle
 16246 | D:12     | Banished a boulder beetle
 16500 | D:12     | Found a staircase to the Orcish Mines.
 16510 | D:12     | Noticed a boulder beetle
 16531 | D:12     | Killed a boulder beetle
 16718 | D:12     | Noticed an eight-headed hydra
 16719 | D:12     | Banished an eight-headed hydra
 16804 | D:12     | Noticed a two-headed ogre
 16828 | D:12     | HP: 4/107 [two-headed ogre/+0 dire flail (28)]
 16829 | D:12     | Banished a two-headed ogre
 17400 | D:12     | Reached skill level 5 in Armour
 17628 | Lair:1   | Entered Level 1 of the Lair of Beasts
 17728 | Lair:1   | Found a runed translucent door.
 17827 | Lair:1   | Identified the +7 flail of Chance {protect, +Blink Str+3
                  | Dex-2}
 17950 | Lair:1   | Reached skill level 1 in Dodging
 18106 | Lair:1   | Found a hazy altar of Hepliaklqana.
 18351 | Lair:1   | Noticed Gainor's ghost (novice HuMo)
 18569 | Lair:2   | Reached XP level 13. HP: 115/115 MP: 21/21
 19362 | Lair:3   | Found a gate leading to a gauntlet.
 19371 | Gauntlet | Entered a Gauntlet
 19371 | Gauntlet | Found a transporter.
 19380 | Gauntlet | Found a transporter.
 19395 | Gauntlet | Found a transporter.
 19400 | Gauntlet | Found a transporter.
 19425 | Gauntlet | Found a transporter.
 19441 | Gauntlet | Found a transporter.
 19451 | Gauntlet | Found the amulet of the Air {Inacc Air Fly rElec RMsl}
 19453 | Gauntlet | Found a transporter.
 19465 | Gauntlet | Found a transporter.
 19476 | Gauntlet | Noticed a quicksilver ooze
 19477 | Gauntlet | Found a transporter.
 19489 | Gauntlet | Found a transporter.
 19508 | Gauntlet | Found a transporter.
 19523 | Gauntlet | Found a transporter.
 19525 | Gauntlet | Found a transporter.
 19552 | Gauntlet | Found a transporter.
 19552 | Gauntlet | Found a transporter.
 19554 | Gauntlet | Found a transporter.
 19576 | Gauntlet | Found a transporter.
 19654 | Gauntlet | Found a transporter.
 19807 | Gauntlet | Paralysed by a floating eye for 4 turns
 19933 | Gauntlet | Identified the +8 broad axe "Wiulyec" {vorpal, Fragile rF++
                  | Stlth+}
 20017 | Gauntlet | Identified the ring "Ijaighox" {*Corrode rF+ Will+ EV+4
                  | Str+6}
 20032 | Gauntlet | Noticed a minotaur
 20041 | Gauntlet | Killed a minotaur
 20676 | Lair:3   | Found a hole to the Spider Nest.
 21227 | Lair:4   | Found a staircase to the Swamp.
 22360 | Lair:4   | Noticed Josephine
 22365 | Lair:4   | Killed Josephine
 22368 | Lair:4   | Reached XP level 14. HP: 65/125 MP: 22/22
 22478 | Lair:4   | Found a burning altar of Makhleb.
 22894 | Lair:5   | Found a viscous altar of Jiyva.
 22920 | Lair:5   | Found a frozen archway.
 22961 | IceCv    | Entered an ice cave
 23428 | IceCv    | Noticed a reaper
 23457 | IceCv    | Annihilated by a reaper

Illustrated notes

Levels and vault maps discovered:
D:1:      heliophobic_arrival_dark_side_of_the_moon, layout_basic,
          shapermc_ecumenical_altar_acropolis, chequers_serial_rivers_micro_b,
          st_stairs_13
D:2:      wad_river_or_something, layout_rooms, serial_shops, shop,
          guppyfry_early_lair_pool, uniq_jessica, uniq_terence
D:3:      layout_loops_ring, lemuel_doored_altar, grunt_ministairs_4,
          minmay_rat_hole
D:4:      layout_rooms, grunt_temple_overflow_holy_war,
          minmay_temple_entry_wispy, serial_rivers,
          chequers_serial_rivers_marsh, chequers_serial_rivers_small_a,
          chequers_serial_rivers_small_3, chequers_serial_rivers_marsh,
          chequers_serial_rivers_micro_b, chequers_serial_rivers_large_a,
          uniq_menkaure
D:5:      layout_basic, grunt_temple_overflow_growth_and_decay,
          mainiacjoe_overflow_catwalk, evilmike_ruin_ashenzari, st_stairs_6,
          minmay_hollow_rounded_squares, uniq_eustachio
D:6:      layout_basic, bloody_makhleb, uniq_grinder, uniq_maggie
D:7:      nicolae_cairo_tiling, layout_gridville, amcnicky_altar_gilded,
          mainiacjoe_overflow_concentric_impassable, gammafunk_ghost_cemetery,
          st_stairs_6, uniq_crazy_yiuf_cottage
D:8:      layout_basic
D:9:      layout_loops_ring, nicolae_overflow_squiral,
          gammafunk_ghost_wrathful_warriors
D:10:     layout_basic, minmay_ruined_shrine
D:11:     layout_roguey, dpeg_lair_monsters, ebering_ghost_reflecting_pool,
          chequers_serial_rivers_micro_b
D:12:     layout_roguey, erik_orc_3
Lair:1:   layout_chaotic_city, ebering_ghost_reflecting_pool, basic_altar
Lair:2:   statuecave_lemuel, layout_small_grid, cheibrodos_lair_caveside_slide,
          grunt_megastairs_5, infiniplex_staircase_pool
Lair:3:   layout_layer_cave, spider_nest_entry_a, gauntlet_entry_generic
Lair:4:   nzn_winding_woodlands_huge [nzn_winding_woodlands_5x15_garden,
          nzn_winding_woodlands_5x15_twine, nzn_winding_woodlands_5x15_crooked,
          nzn_winding_woodlands_5x15_river_crossing,
          nzn_winding_woodlands_5x15_cabin, nzn_winding_woodlands_5x15_pool,
          nzn_winding_woodlands_5x15_pockets,
          nzn_winding_woodlands_5x15_pathside_ponds,
          nzn_winding_woodlands_5x15_zeroes,
          nzn_winding_woodlands_5x15_lazy_stream,
          nzn_winding_woodlands_center_diamonds,
          nzn_winding_woodlands_center_pierced_h,
          nzn_winding_woodlands_15x15_eel_pit], layout_long_grid, swamp_mist,
          basic_altar, uniq_josephine
Lair:5:   layout_small_grid, slime_altar_1, portal_ice_cave_entry_ice_simulacra,
          minivault_25
IceCv:    ice_cave_caverns_02

Skill      XL: |  1  2  3  4  5  6  7  8  9 10 11 12 13 14 |
---------------+-------------------------------------------+-----
Invocations    | 3 4 5 7 8 9 11 | 11.0
Axes           | 3 4 5 6 7 9 10 11 13 | 13.3
Fighting       | 4 5 6 8 9 10 12 13 | 13.6
Shields        | 1 2 3 5 6 7 8 |  8.0
Armour         | 2 5 7 8 |  8.0
Dodging        | 1 2 |  2.0

Action                   |  1- 3 |  4- 6 |  7- 9 | 10-12 | 13-15 || total
-------------------------+-------+-------+-------+-------+-------++-------
Melee: Hand axe          |    68 |   210 |   255 |   694 |       ||  1227
       Tailslap          |     8 |    31 |    44 |   183 |    74 ||   340
       Punch             |     2 |     1 |       |       |       ||     3
       Unarmed           |       |       |       |     4 |       ||     4
       War axe           |       |       |       |   355 |       ||   355
       Flail             |       |       |       |    86 |    73 ||   159
       Broad axe         |       |       |       |       |   297 ||   297
Invok: Banish            |       |     2 |     5 |    17 |     6 ||    30
 Abil: Rolling Charge    |    19 |    27 |    27 |    74 |    25 ||   172
Evoke: Wand              |       |       |       |     6 |     1 ||     7
       Box of beasts     |       |       |       |       |     1 ||     1
  Use: Scroll            |       |       |    12 |     9 |     9 ||    30
       Potion            |       |       |       |     2 |     5 ||     7
 Stab: Distracted        |       |       |     1 |       |     1 ||     2
Armor: Leather armour    |    27 |    74 |    29 |       |       ||   130
       Scale mail        |       |       |    67 |   374 |   207 ||   648
       Skin              |       |       |       |     1 |       ||     1
Dodge: Dodged            |    28 |   124 |    73 |   241 |   123 ||   589
Block: Kite shield       |       |    36 |   127 |   479 |   227 ||   869

Table legend: (Time is in decaauts)
 A = Elapsed time spent in this place.
 B = Non-inter-level travel time spent in this place.
 C = Inter-level travel time spent in this place.
 D = Time resting spent in this place.
 E = Time spent auto-exploring this place.
 F = Levels seen in this place.
 G = Mean time per level.
                   A        B        C        D        E       F      G
               +--------+--------+--------+--------+--------+-----+--------+
         Total |  23693 |  22190 |   1503 |   3752 |  13711 |  20 | 1184.7 |
       Dungeon |  17747 |  16352 |   1395 |   3234 |   9927 |  12 | 1478.9 |
          Lair |   4706 |   4598 |    108 |    195 |   3534 |   5 |  941.2 |
         Abyss |     34 |     34 |      0 |      0 |      0 |   1 |   34.0 |
      Ice Cave |    503 |    503 |      0 |    264 |     18 |   1 |  503.0 |
      Gauntlet |    702 |    702 |      0 |     58 |    231 |   1 |  702.0 |
               +--------+--------+--------+--------+--------+-----+--------+

Top non-repeatable levels by time:
     D:5: 2989 daAuts
     D:3: 2246 daAuts
     D:7: 1763 daAuts
  Lair:4: 1717 daAuts
    D:10: 1613 daAuts
     D:8: 1575 daAuts
    D:12: 1358 daAuts
    D:11: 1252 daAuts
  Lair:3: 1230 daAuts
     D:2: 1197 daAuts
     D:4: 1013 daAuts
     D:9: 979 daAuts
     D:6: 913 daAuts
  Lair:2: 902 daAuts
     D:1: 844 daAuts
